[Event "Championnat du monde jeunes U12"]
[Date "2024.11.18"]
[White "Torres Rebolledo, Alvaro"]
[Black "Skytte, Robert"]
[WhiteElo "2216"]
[BlackElo "1925"]
[Round "4.15"]
[Result "1-0"]
[TimeControl "5400+30"]

1. e4 c6 2. d4 d5 3. e5 c5 4. Nf3 cxd4 5. Qxd4 Nc6 6. Qf4 g6 7. Nc3 d4 8. Bc4 Bf5 9. Ne2 Bh6 10. Qg3 Qa5+ 11. Kf1 Qc5 12. Bd3 Bxd3 13. cxd3 Rd8 14. Bxh6 Nxh6 15. Qf4 Nf5 16. h4 Qb5 17. h5 Qxb2 18. Re1 Nb4 19. e6 Nxd3 20. exf7+ Kf8 21. Qc7 Kg7 22. h6+ Kf6 23. Rd1 Rc8 24. Qa5 Rc5 25. Qxa7 Rc1 26. Rxc1 Nxc1 27. Nf4 Qb5+ 28. Kg1 Ne2+ 29. Nxe2 Qxe2 30. Qb6+ Qe6 31.
Qxe6+ Kxe6 32. Ng5+ Kf6 33. f8=Q+ 1-0

[Variant "Standard"]
[Site "Europe Echecs"]

[Event "Championnat du monde jeunes U12"]
[Date "2024.11.18"]
[White "Yin, Milo"]
[Black "Diachek, Andrii"]
[WhiteElo "1925"]
[BlackElo "2162"]
[Round "4.16"]
[Result "0-1"]
[TimeControl "5400+30"]

1. Nf3 Nf6 2. e3 d5 3. c4 e6 4. Nc3 Be7 5. b3 O-O 6. Bb2 Nbd7 7. Qc2 b6 8. cxd5 exd5 9. d4 Bb7 10. Be2 a6 11. O-O Bd6 12. Rac1 Re8 13. Rfd1 Rc8 14. h3 h6 15. Bf1 c5 16. dxc5 bxc5 17. Qf5 Nb6 18. Rd2 d4 19. Rcd1 g6 20. Qb1 Bb8 21. exd4 Bxf3 22. gxf3 Qc7 23. f4 Qxf4 24. Bg2 Qh2+ 25. Kf1 cxd4 26. Ne2 Nbd5 27. Bxd4 Rxe2 28. Rxe2 Nf4 29. Bb7 Nxh3 30. Ke1 Bf4 31. Be3 Bxe3 32. fxe3 Qg3+ 33. Kd2 Qd6+ 34. Ke1 Qb4+ 35. Red2 Qxb7 36. Ke2 Qg2+ 37.
Ke1 Qg1+ 38. Ke2 Qf2+ 39. Kd3 Qf5+ 40.
Ke2 Qg4+ 41. Kf1 Qf3+ 42. Rf2 Qxf2# 0-1

[Variant "Standard"]
[Site "Europe Echecs"]

[Event "Championnat du monde jeunes U12"]
[Date "2024.11.18"]
[White "Matejka, Simon"]
[Black "Belin, Anton"]
[WhiteElo "1924"]
[BlackElo "2138"]
[Round "4.17"]
[Result "1-0"]
[TimeControl "5400+30"]

1. d4 Nf6 2. c4 e6 3. Nf3 c5 4. Nc3 cxd4 5. Nxd4 Nc6 6. e3 Bb4 7. Qd3 O-O 8. a3 Bxc3+ 9. Qxc3 d5 10. Nxc6 bxc6 11. c5 Ne4 12. Qc2 a5 13. Bd3 Ba6 14. Bxa6 Rxa6 15. Bd2 Qe7 16. Rc1 Rb8 17. O-O Rb5 18. b4 Nxd2 19. Qxd2 axb4 20. axb4 Qb7 21. Ra1 Rxa1 22. Rxa1 Rxb4 23. Qxb4 Qc8 24. Qa5 Qb7 25. Qb4 Qc8 26. Qa5 Kf8 27. Qa8 Qxa8 28. Rxa8+ Ke7 29. Ra7+ 1-0

[Variant "Standard"]
[Site "Europe Echecs"]

[Event "Championnat du monde jeunes U12"]
[Date "2024.11.18"]
[White "Ivancic, Ivan"]
[Black "Yerzhanuly Yernur"]
[WhiteElo "2091"]
[BlackElo "1917"]
[Round "4.18"]
[Result "1-0"]
[TimeControl "5400+30"]

1. e4 e5 2. Nf3 Nc6 3. d4 exd4 4. Nxd4 Bc5 5. Be3 Qf6 6. c3 Qg6 7. Qe2 Nf6 8. Nxc6 Bxe3 9. Ne5 Qg5 10. Nf3 Bxf2+ 11. Kxf2 Ng4+ 12. Kg1 Qh6 13. h3 Ne3 14. Na3 O-O 15. Re1 Nxf1 16. Kxf1 Re8 17. Nb5 Qb6 18. g3 d5 19. e5 Bd7 20. Na3 f6 21. Qf2 c5 22. Kg2 Rf8 23. Qd2 fxe5 24. Nxe5 Bf5 25. Rhf1 Qe6 26. Ng4 Be4+ 27. Kh2 Qa6 28. Ne3 Qc6 29. Rxf8+ Rxf8 30. Rf1 Rd8 31. Qf2 h6 32. Qf7+ Kh8 33. Qe7 Re8 34. Rf8+ Rxf8 35. Qxf8+ Kh7 36. Nf5 Qg6 37. Ne7 Qg5 38. Qg8# 1-0

[Variant "Standard"]
[Site "Europe Echecs"]

[Event "Championnat du monde jeunes U12"]
[Date "2024.11.18"]
[White "Mamikonyan, Artem T"]
[Black "Obidov, Biloliddin"]
[WhiteElo "1918"]
[BlackElo "2088"]
[Round "4.19"]
[Result "1-0"]
[TimeControl "5400+30"]

1. e4 c5 2. Nf3 d6 3. d4 cxd4 4. Nxd4 Nf6 5. Nc3 a6 6. Rg1 e5 7. Nb3 Be6 8. g4 d5 9. exd5 Nxd5 10. Nxd5 Qxd5 11. Qxd5 Bxd5 12. Be3 Nc6 13. O-O-O O-O-O 14. Bb6 Rd7 15. g5 Be6 16. Rxd7 Bxd7 17. Bc4 Be6 18. Bxe6+ fxe6 19. c3 Be7 20. Be3 Rf8 21. Kc2 Kc7 22. Kd3 Rf3 23. Rg3 Rf5 24. Ke4 g6 25. h4 Nd8 26. Nd2 b5 27. Kd3 Nb7 28. Ne4 Kc6 29. b4 Kd5 30. Rg4 Rf8 31. Nd2 Nd6 32. Ke2 Nf5 33. c4+ bxc4 34. Nxc4 Nd4+ 35. Kd3 Bxb4 36. Nxe5 Kxe5 37. Rxd4 a5 38. Rd7 Rc8 39. Rxh7 Rc3+ 40. Ke2 Rc2+ 41. Kf3 Rxa2 42. Bf4+ Kd5 43. h5 gxh5 44. g6 Bc5 45. g7 Rxf2+ 46. Kg3 Rf1 47. Rxh5+ Ke4 48. Re5+ Kd3 49. Rg5 Rg1+ 50. Kh2 Rxg5 51. Bxg5 Bd6+ 52. Kg2 a4 53. g8=Q a3 54. Qxe6 Bb4 55. Qb3+ 1-0

[Variant "Standard"]
[Site "Europe Echecs"]

[Event "Championnat du monde jeunes U12"]
[Date "2024.11.18"]
[White "Birmenko, Nikolay"]
[Black "Bundan, Edward"]
[WhiteElo "2084"]
[BlackElo "1905"]
[Round "4.20"]
[Result "1-0"]
[TimeControl "5400+30"]

1. e4 c5 2. Nf3 Nc6 3. Bb5 e5 4. Bxc6 dxc6 5. O-O Bd6 6. h3 Ne7 7. d3 O-O 8. a4 f6 9. Na3 Be6 10. Be3 b6 11. Nd2 Ng6 12. Qe2 Qe7 13. Nac4 Bc7 14. Nb3 Nf4 15. Bxf4 exf4 16. Rfe1 Bxc4 17. dxc4 Qe5 18. c3 Rfe8 19. Qc2 f3 20. g3 Qh5 21. Re3 Qxh3 22. Rxf3 Re5 23. Rf5 Rae8 24. Rxe5 Rxe5 25. Qd3 Rg5 26. Qf1 Qh4 27. e5 Bxe5 28. Qe2 Qg4 29. Qxg4 Rxg4 30. a5 f5 31. axb6 axb6 32. Kf1 h5 33. Ra6 Rxc4 34. Rxb6 f4 35. gxf4 Bxf4 36. Rxc6 Ra4 37. Nxc5 Ra1+ 38. Kg2 Kf7 39. Nd3 Bd2 40. Ne5+ Ke7 41. Nf3 Bf4 42. Rc5 g6 43. b4 Rb1 44. Nh4 Kf7 45. Nf3 Kf6 46. Rc6+ Kf7 47. Nd4 Rb2 48. Kf3 Be5 49. Ne6 Rb3 50. Ng5+ Kg7 51. Ne4 g5 52. Rc5 g4+ 53. Kg2 Bxc3 54. Rxc3 Rxb4 55. Ng3 Rb5 56. Nf1 Kg6 57. Ne3 Kg5 58. Rc8 Ra5 59. Rg8+ Kh6 60. Kg3 Rb5 61. Kh4 Ra5 62. Nf1 Ra2 63. Rf8 Kg7 64. Rf4 Kg6 65. Ng3 Ra1 66. Rb4 Ra2 67. Rb6+ Kf7 68. Ne4 Re2 69. Rf6+ Kg7 70. Ng3 Re5 71. Rf5 Re1 72. Nxh5+ Kg6 73. Rf6+ Kh7 74. Kxg4 Rg1+ 75. Ng3 Kg7 76. Ra6 Kf7 77. Kf5 Rg2 78. Ne4 Rg1 79. Ra7+ Ke8 80. f4 Rf1 81. Ke5 Rh1 82. f5 Rh2 83. Ke6 Rh6+ 84. f6 Kd8 85. Rd7+ Kc8 86. Nd6+ Kb8 87. Rb7+ Ka8 88. Rb1 Ka7 89. Ke7 1-0

[Variant "Standard"]
[Site "Europe Echecs"]

[Event "Championnat du monde jeunes U12"]
[Date "2024.11.18"]
[White "Tona, Leonardo"]
[Black "Batbaatar, Baatar"]
[WhiteElo "1906"]
[BlackElo "2030"]
[Round "4.21"]
[Result "1/2-1/2"]
[TimeControl "5400+30"]

1. e4 c5 2. Nc3 a6 3. f4 b5 4. d3 Bb7 5. Nf3 e6 6. g3 d5 7. exd5 exd5 8. Bg2 Nf6 9. Ne5 Bd6 10. O-O O-O 11. d4 Nbd7 12. Be3 cxd4 13. Bxd4 b4 14. Nxd7 Qxd7 15. Bxf6 bxc3 16. Bxc3 Rfe8 17. Qd4 Bf8 18. Rfe1 Rec8 19. Kh1 Rc4 20. Qd3 Rac8 21. Re2 d4 22. Be1 Bxg2+ 23. Rxg2 Qb7 24. c3 dxc3 25. Bxc3 Bb4 26. Rd1 h6 27. Bxb4 Rxb4 28. b3 a5 29. Qd5 Qxd5 30. Rxd5 a4 31. Rb2 Rc3 32. Rdd2 axb3 33. axb3 Rbxb3 34. Rxb3 Rxb3 35. Kg2 f5 36. h3 h5 37. h4 Kf7 38. Re2 Rb6 39. Kf3 Rb3+ 40. Kf2 Ra3 41. Rb2 Rc3 42. Rb7+ Kf6 43. Rb6+ Kf7 44. Rb7+ 1/2-1/2

[Variant "Standard"]
[Site "Europe Echecs"]

[Event "Championnat du monde jeunes U12"]
[Date "2024.11.18"]
[White "Tatvidze, Davit"]
[Black "Belyaletdinov, Leonard"]
[WhiteElo "2024"]
[BlackElo "1903"]
[Round "4.22"]
[Result "1-0"]
[TimeControl "5400+30"]

1. c4 e5 2. Nc3 f5 3. g3 Nf6 4. Bg2 d6 5. d3 g6 6. Bg5 Bg7 7. e3 c6 8. Nge2 O-O 9. O-O Nbd7 10. b4 Qe8 11. b5 Nc5 12. Bxf6 Bxf6 13. d4 Ne6 14. bxc6 bxc6 15. d5 cxd5 16. Nxd5 e4 17. Nxf6+ Rxf6 18. Qxd6 Qf7 19. Rab1 g5 20. f3 Kg7 21. Qe5 Ba6 22. fxe4 fxe4 23. Nc3 Re8 24. Nxe4 Nf4 25. Qxf6+ Qxf6 26. Nxf6 Kxf6 27. exf4 Bxc4 28. fxg5+ 1-0

[Variant "Standard"]
[Site "Europe Echecs"]

[Event "Championnat du monde jeunes U12"]
[Date "2024.11.18"]
[White "Vaidyanathan, Adithya"]
[Black "Vinales Gonzalez, Enzo Mathias"]
[WhiteElo "2018"]
[BlackElo "1903"]
[Round "4.23"]
[Result "0-1"]
[TimeControl "5400+30"]

1. d4 Nf6 2. Nf3 g6 3. c4 Bg7 4. Nc3 O-O 5. e4 d6 6. h3 e5 7. Be3 exd4 8. Nxd4 Nc6 9. Be2 Re8 10. f3 Nh5 11. O-O Qh4 12. Ndb5 Bxh3 13. Qe1 Ng3 14. gxh3 Qxh3 15. Bf4 Qh1+ 16. Kf2 Qh2+ 17. Ke3 Nf5+ 18. Kd2 Qxf4+ 19. Kc2 Ne3+ 20. Kb1 Nxf1 21. Qxf1 Bxc3 22. Nxc3 Nd4 23. Nd5 Qd2 24. Bd1 b5 25. Nf6+ Kg7 26. Nxe8+ Rxe8 27. cxb5 d5 28. a3 dxe4 29. fxe4 Re5 30. Ka2 Nxb5 31. Qc4 Nd6 32. Qxc7 Rxe4 33. Rb1 Re3 34. Ba4 Qd5+ 35. Ka1 Qd4 36. Ka2 Nc4 37. Bb3 Rxb3 38. Kxb3 Nd2+ 39. Kc2 Nxb1 40.
Kxb1 h5 41. Qc8 Qe4+ 42. Kc1 Qd4 43.
Kc2 h4 44. Qh3 Qf2+ 45. Kc1 Qf4+ 46.
Kd1 Qg3 47. Qd7 Qf3+ 48. Ke1 h3 49.
Qd4+ Qf6 50. Qxa7 Qxb2 51. Kf1 h2 52. Qa8 Qc1+ 53. Kf2 h1=Q 0-1

[Variant "Standard"]
[Site "Europe Echecs"]

[Event "Championnat du monde jeunes U12"]
[Date "2024.11.18"]
[White "Fadeev, Justin Michael"]
[Black "Elhusseiny, Eyad"]
[WhiteElo "1878"]
[BlackElo "2017"]
[Round "4.24"]
[Result "1/2-1/2"]
[TimeControl "5400+30"]

1. e4 c5 2. Nf3 d6 3. d4 cxd4 4. Nxd4 Nf6 5. Nc3 a6 6. Be3 e5 7. Nf3 Be7 8. Bc4 O-O 9. O-O Nc6 10. Bg5 Be6 11. Bb3 Nd7 12. Bxe7 Qxe7 13. Qd2 Nf6 14. Rad1 Rfd8 15. Rfe1 Rac8 16. h3 Na5 17. Nd5 Bxd5 18. Bxd5 Nxd5 19. Qxa5 Nf4 20. Rd2 Qf6 21. Kh2 h5 22. Qb6 g5 23. Ng1 Ne6 24. Qe3 Kh7 25. Qf3 Qg6 26. c3 Rc4 27. Qf5 Nc5 28. Qxg6+ Kxg6 29. f3 Kf6 30. Red1 Ke7 31. Ne2 Ne6 32. Ng3 Ng7 33. Kg1 h4 34. Nf1 Ra4 35. b3 Ra5 36. b4 Ra3 37. Ne3 Ne8 38. Nf5+ Ke6 39. c4 a5 40. c5 axb4 41. cxd6 Rd7 42. Rb2 Nxd6 43. Rbd2 Ne8 1/2-1/2

[Variant "Standard"]
[Site "Europe Echecs"]

[Event "Championnat du monde jeunes U12"]
[Date "2024.11.18"]
[White "Le, Anh Tu"]
[Black "Vorobyov, Radmir"]
[WhiteElo "1812"]
[BlackElo "2017"]
[Round "4.25"]
[Result "1-0"]
[TimeControl "5400+30"]

1. e4 c6 2. d4 d5 3. Nd2 dxe4 4. Nxe4 Nf6 5. Nxf6+ exf6 6. Nf3 Bd6 7. Bd3 O-O 8. O-O Bg4 9. h3 Bh5 10. c3 Nd7 11. Re1 Re8 12. Be3 Nf8 13. Be2 Bc7 14. Qd2 Qd6 15. g3 Qe6 16. Kg2 Qe4 17. Rad1 Ng6 18. Qd3 Qd5 19. c4 Qd6 20. Qf5 Rxe3 21. Qxh5 Re7 22. Bd3 Rae8 23. Rxe7 Rxe7 24. c5 Qd8 25. Bc4 b5 26. Bb3 Rd7 27. Re1 Re7 28. Rxe7 Qxe7 29. Qg4 Nf8 30. Qc8 a5 31. a4 b4 32. Bc4 Qd7 33. Qa8 Bd8 34. Ba6 Ne6 35. Bb7 Nxd4 36. Nxd4 Qxd4 37. Bxc6 g6 38. Bd5 Qxc5 39. Qxd8+ Kg7 40. Qd7 f5 41. Qxf7+ Kh6 42. Bf3 Qd6 43. Qd5 Qc7 44. h4 1-0

[Variant "Standard"]
[Site "Europe Echecs"]

[Event "Championnat du monde jeunes U12"]
[Date "2024.11.18"]
[White "Berdashkevich, Makar"]
[Black "Wijerathna, Vinuka Dihain"]
[WhiteElo "1848"]
[BlackElo "2004"]
[Round "4.26"]
[Result "1/2-1/2"]
[TimeControl "5400+30"]

1. e4 e5 2. Nf3 Nc6 3.
Bb5 a6 4. Ba4 Nf6 5. d3 b5 6. Bb3 Bc5 7. O-O d6 8. c3 h6 9. h3 O-O 10. Re1 Bb6 11. Nbd2 Re8 12. a4 Rb8 13. Nf1 Ne7 14. Ng3 Ng6 15. Bc2 d5 16. Nf5 Bb7 17. Qe2 Qd7 18. g4 c5 19. axb5 axb5 20. Ng3 Nf4 21. Qf1 Qc7 22. exd5 Bxd5 23. Bxf4 exf4 24. Ne4 Qc6 25. Nfd2 Nxe4 26. dxe4 Be6 27. Nf3 Bc4 28. Bd3 Bxd3 29. Qxd3 Rbd8 30. Qc2 c4 31. Rad1 Rxd1 32. Qxd1 Rxe4 33. Rxe4 Qxe4 34. Kg2 g6 35. Qe1 Qd5 36. Qe8+ Kg7 37. Qe5+ Qxe5 38. Nxe5 f6 39. Nf3 Kf7 40. Kf1 g5 41. Ke2 Ke6 42. Nd2 Ke5 43. Nf3+ Ke6 44. Nd2 f5 45. Kf3 Bc5 46. Nf1 Kf6 47. Nd2 Kg6 48. Ke2 h5 49. f3 Be3 50.
Nb1 Bc5 51. Nd2 hxg4 52. hxg4 Kf6 53.
gxf5 Kxf5 54. Ne4 Be7 55. Nf2 Ke5 56.
Ng4+ Kd5 57. Nf2 b4 58. cxb4 Bxb4 59.
Ne4 Be7 60. Nc3+ Kc5 61. Kd2 Bd8 62.
Ne4+ Kd4 63. Nf2 Ba5+ 64. Ke2 Bb4 65.
Ng4 Bf8 66. Nf2 Bg7 67. Kd2 Kd5 68. Kc2 Bd4 69. Ng4 Ke6 70. b3 c3 71. Kd3 Kd5 1/2-1/2

[Variant "Standard"]
[Site "Europe Echecs"]

[Event "Championnat du monde jeunes U12"]
[Date "2024.11.18"]
[White "Bocquenet-Drouode, Hugo"]
[Black "Ilcic, Aleksa"]
[WhiteElo "2002"]
[BlackElo "1757"]
[Round "4.27"]
[Result "1-0"]
[TimeControl "5400+30"]

1. e4 c5 2. Nf3 Nc6 3. Bb5 g6 4. O-O Bg7 5. c3 e5 6. d4 exd4 7. cxd4 Nxd4 8. Nxd4 Bxd4 9. Nc3 a6 10. Bc4 Bxc3 11. bxc3 Qf6 12. e5 Qe7 13. a4 b6 14. Rb1 Bb7 15. Rxb6 Bc6 16. Re1 Qd8 17. Qb3 Bxa4 18. Bxf7+ Kf8 19. Qd5 Qxb6 20. Bxg8 Rxg8 21. Bh6+ Ke7 22. Bg5+ Kf8 23. Qxa8+ Kf7 24. Qf3+ Ke8 25. e6 1-0

[Variant "Standard"]
[Site "Europe Echecs"]

[Event "Championnat du monde jeunes U12"]
[Date "2024.11.18"]
[White "Mikolavicius, Julius"]
[Black "Radnaev, Leo"]
[WhiteElo "1746"]
[BlackElo "1990"]
[Round "4.28"]
[Result "0-1"]
[TimeControl "5400+30"]

1. e4 c5 2. Nc3 Nc6 3. Bb5 Nd4 4. Bc4 a6 5. Nge2 b5 6. Bd5 Rb8 7. Nxd4 cxd4 8. Ne2 Nf6 9. Nxd4 Nxd5 10. exd5 Bb7 11. O-O Bxd5 12. b3 e6 13. Qe2 Be7 14. Bb2 Bf6 15. Rab1 O-O 16. Qg4 g6 17. Ne2 Bxb2 18. Rxb2 Qf6 19. c3 Rbc8 20. Qf4 Qe7 21. Qe3 Rfd8 22. d3 Qd6 23. Rc1 Ba8 24. Rbc2 Qc6 25. f3 d6 26. Ng3 Qc5 27. d4 Qa3 28. Qg5 d5 29. Nh5 Qf8 30. Nf6+ Kh8 31. h4 Qg7 32. Ng4 Kg8 33. h5 gxh5 34. Qxh5 Kf8 35. Kf2 Ke7 36. Ne5 Rg8 37. g4 f6 38. Nd3 Bc6 39. Rh1 Rh8 40. Re2 Kd6 41. Nc5 Rce8 42. Rhe1 e5 43. Nxa6 Re7 44. Nb4 Be8 45. Qh2 h5 46. Qg2 hxg4 47. fxg4 Bf7 48. Rf1 Qg5 49. Nd3 e4 50. Qg3+ Kc6 51. Nb4+ Kd7 52. Na6 Kc6 53. Rb2 e3+ 54. Ke2 Be6 55. Rg1 Qxg4+ 56. Qxg4 Bxg4+ 57. Ke1 f5 58. Nb4+ Kd6 59. Nd3 Reh7 60. Rbg2 Rh2 61. Kf1 Bh3 62. Nf4 Bxg2+ 63. Rxg2 Rxg2 64. Kxg2 Rh4 65. Nd3 f4 66. Kf3 Ke6 67. a4 bxa4 68. bxa4 Kf5 69. Ne5 Rh3+ 70. Ke2 Ke4 71. a5 f3+ 72. Kd1 Rh1+ 73. Kc2 f2 0-1

[Variant "Standard"]
[Site "Europe Echecs"]

[Event "Championnat du monde jeunes U12"]
[Date "2024.11.18"]
[White "Qu, Haoming"]
[Black "Yu, Zhe"]
[WhiteElo "1969"]
[BlackElo "1697"]
[Round "4.29"]
[Result "1-0"]
[TimeControl "5400+30"]

1. e4 d5 2. exd5 Qxd5 3. Nc3 Qa5 4. d4 Nf6 5. Nf3 Bf5 6. Ne5 c6 7. Bc4 e6 8. g4 Be4 9. O-O Bd5 10. Nxd5 cxd5 11. Bd3 Nc6 12. Nxc6 bxc6 13. Qf3 Be7 14. c3 Qd8 15. Re1 h6 16. Bf4 g5 17. Bg3 h5 18. h3 hxg4 19. hxg4 Kd7 20. b4 Qb6 21. a4 a6 22. Reb1 Rh6 23. a5 Qa7 24. Kg2 Qb7 25. Rh1 Rah8 26. Rxh6 Rxh6 27. Rh1 Rxh1 28. Kxh1 c5 29. dxc5 Ne4 30. Kh2 Ke8 31. Be5 f6 32. Bg3 Kf8 33. Qe2 f5 34. Be5 Bd8 35. gxf5 exf5 36. Qh5 Bf6 37. Qh6+ Qg7 38. Qxg7+ Kxg7 39. Bxf6+ Kxf6 40.
Bxe4 dxe4 41. b5 axb5 42. a6 Ke5 43. a7 Kd5 44. a8=Q+ Kxc5 45.
Qf8+ Kc4 46. Qxf5 Kxc3 47. Qxb5 Kd2 48.
Qxg5+ Ke2 49. Qe3+ Kf1 50. Kg3 Kg1 51. Qe1# 1-0

[Variant "Standard"]
[Site "Europe Echecs"]

[Event "Championnat du monde jeunes U12"]
[Date "2024.11.18"]
[White "Miransh Vyas"]
[Black "Gao, Heye"]
[WhiteElo "1705"]
[BlackElo "1933"]
[Round "4.30"]
[Result "0-1"]
[TimeControl "5400+30"]

1. e4 e5 2. Nc3 Nf6 3. Bc4 Bc5 4. d3 Nc6 5. f4 d6 6. Nf3 Ng4 7. Ng5 O-O 8. f5 Nf6 9. Na4 Bb6 10. Nxb6 axb6 11. O-O Na5 12. Qe2 Bd7 13. Bd5 h6 14. Nh3 c6 15. Bxf7+ Rxf7 16. b4 Qe7 17. bxa5 bxa5 18. g4 d5 19. g5 hxg5 20. Nxg5 Rff8 21. Kh1 dxe4 22. dxe4 b5 23. Rf3 c5 24. a4 Rfb8 25. Bd2 Bc6 26. Rg1 Ra7 27. axb5 Bxb5 28. Qe3 Bc6 29. Qe2 Bb5 30. c4 Bc6 31. Re3 Qb7 32. h4 a4 33. Kh2 Qb2 34. Reg3 Rd8 35. R1g2 a3 36. Qe3 Nxe4 37. Nxe4 Bxe4 38. Bc3 Bxg2 39. Qxe5 Qb8 40. Qe6+ Rf7 41. Kxg2 Qb7+ 42. Kh3 Qh1+ 43. Kg4 a2 44. Qe5 Rfd7 45. Qe6+ Kf8 46. f6 a1=Q 47. Bxa1 Qxa1 48. Kh5 Qxf6 49. Qxf6+ gxf6 50. Rf3 Kf7 51. Rf5 Rd4 52. Rxf6+ Kxf6 53. Kh6 Rxh4# 0-1

[Variant "Standard"]
[Site "Europe Echecs"]

[Event "Championnat du monde jeunes U12"]
[Date "2024.11.18"]
[White "Shirinov, Yashar"]
[Black "Zhandos, Akarys"]
[WhiteElo "1642"]
[BlackElo "1932"]
[Round "4.31"]
[Result "0-1"]
[TimeControl "5400+30"]

1. d4 Nf6 2. c4 e6 3. Nc3 Bb4 4. Qc2 O-O 5. a3 Bxc3+ 6. Qxc3 d5 7. Nf3 h6 8. Bf4 c5 9. e3 b6 10. Bd3 Bb7 11. Rd1 Nbd7 12. Ne5 Rc8 13. O-O Nxe5 14. Bxe5 Nd7 15. Bd6 Re8 16. dxc5 Nxc5 17. Bxc5 Rxc5 18. b4 Rc8 19. c5 bxc5 20. bxc5 Qg5 21. Qb4 Bc6 22. Bb5 Qe7 23. Rc1 e5 24. Bxc6 Rxc6 25. Rfd1 Rd8 26. Qb5 Qe6 27. h3 f5 28. Rc2 f4 29. exf4 exf4 30. Re2 Qc8 31. Rc2 f3 32. Qb3 Qf5 33. Qd3 Qxd3 34. Rxd3 fxg2 35. Kxg2 Kf7 36. Kf3 g5 37. Ke3 Ke6 38. Kd4 Kd7 39. Rf3 Kc7 40. Rf7+ Rd7 41. Rxd7+ Kxd7 42. Kxd5 Rf6 43.
Re2 Rf5+ 44. Re5 Rf3 45. c6+ Kd8 46. Kd6 Rd3+ 47. Kc5 Rxa3 48. h4 Ra5+ 49. Kd6 Rxe5 50. Kxe5 gxh4 51. Kf4 a5 52. Kg4 a4 53. f4 a3 54. f5 a2 55. f6 a1=Q 56. f7 Qf6 57. Kh5 Qg5# 0-1

[Variant "Standard"]
[Site "Europe Echecs"]

[Event "Championnat du monde jeunes U12"]
[Date "2024.11.18"]
[White "Farzaleev, Daniyar"]
[Black "Rueda Ahumada, Gabriel Omar"]
[WhiteElo "1622"]
[BlackElo "1928"]
[Round "4.32"]
[Result "1/2-1/2"]
[TimeControl "5400+30"]

1. d4 d5 2. Nf3 e6 3. g3 c5 4. Bg2 Nc6 5. O-O cxd4 6. Nxd4 Nf6 7. c4 Be7 8. Nc3 h6 9. cxd5 exd5 10. Qa4 Qd7 11. Rd1 O-O 12. Nxc6 bxc6 13. e4 Rd8 14. exd5 cxd5 15. Qxd7 Rxd7 16. Nxd5 Nxd5 17. Bxd5 Rb8 18. Bf4 Rxb2 19. Rac1 Rd8 20. Bc7 Rf8 21. Be5 Re2 22. Bd4 Bf5 23. Bxa7 Rd8 24. Bc4 Red2 25. Rxd2 Rxd2 26. Be3 Rb2 27. Bd5 Rb5 28. Bb3 Bd6 29. Rd1 Bc7 30. Rd5 Rxd5 31. Bxd5 Bd3 32. Bc5 g5 33. f3 Kg7 34. Kf2 h5 35. Ke3 Bb5 36. Bb3 Kg6 37. Bc2+ Kg7 38. a4 Ba6 39. Bd3 Bb7 40. Bb4 Bb6+ 41. Ke2 Bc8 42. a5 Bg1 43. Kf1 Ba7 44. Be7 f6 45. Bd8 Bb7 46. Bb6 Bxb6 47. axb6 Bxf3 48. Ba6 h4 49. b7 Bxb7 50. Bxb7 f5 51. Kf2 Kf6 52. gxh4 gxh4 53. h3 Kg5 1/2-1/2

[Variant "Standard"]
[Site "Europe Echecs"]

[Event "Championnat du monde jeunes U12"]
[Date "2024.11.18"]
[White "Ritzerveld, Noah"]
[Black "Sason, Noam"]
[WhiteElo "2285"]
[BlackElo "2017"]
[Round "4.33"]
[Result "1-0"]
[TimeControl "5400+30"]

1. e4 c5 2. Nf3 d6 3. d4 cxd4 4. Nxd4 Nf6 5. Nc3 a6 6. Be2 e5 7. Nb3 Be7 8. Qd3 Be6 9. Bd2 Nbd7 10. g4 Nxg4 11. Rg1 h5 12. h3 Ngf6 13. Rxg7 Ng4 14. hxg4 Kf8 15. gxh5 Kxg7 16. O-O-O Nf6 17. f4 Bxb3 18. axb3 Qf8 19. fxe5 dxe5 20. Qg3+ Kh7 21. Qxe5 Rg8 22. Qf5+ Kh8 23. e5 Nh7 24. Bd3 Qg7 25. Kb1 Nf8 26. Nd5 Bd8 27. Bc3 Ne6 28. Nf6 Rf8 29. Bb4 1-0

[Variant "Standard"]
[Site "Europe Echecs"]

[Event "Championnat du monde jeunes U12"]
[Date "2024.11.18"]
[White "Gazzato, Nicolo`"]
[Black "Sahbudak, Baris Cinar"]
[WhiteElo "1868"]
[BlackElo "2264"]
[Round "4.34"]
[Result "0-1"]
[TimeControl "5400+30"]

1. e4 c5 2. Nf3 d6 3. Bb5+ Bd7 4. Bxd7+ Nxd7 5. O-O Ngf6 6. Qe2 e6 7. a4 Be7 8. c4 O-O 9. Nc3 Rc8 10. d3 Nb8 11. Bg5 Nc6 12. Rfe1 Nd7 13. Bxe7 Qxe7 14. Rad1 Nde5 15. Qe3 Nb4 16. Nxe5 dxe5 17. Qg3 f6 18. f4 exf4 19. Qxf4 Rcd8 20. Re3 Rd7 21. Ne2 Rfd8 22. Nc1 Rd4 23. Qg3 Rxc4 24. Nb3 Rc2 25. Rc1 c4 26. dxc4 Rxc1+ 27. Nxc1 Qc5 28. Nb3 Qxc4 29. h3 Nc6 30. Qc7 Qxa4 31. Kh2 Qb5 32. Rg3 g6 33. h4 Qh5 34. Kh3 g5 35. Rg4 Re8 36. Qg3 Kh8 37. Qf2 Kg7 38. Qg3 Kh8 39. Qf2 Qh6 40. Kg3 Ne5 41. hxg5 Qh2+ 42. Kxh2 Nxg4+ 43. Kg3 Nxf2 44. Kxf2 fxg5 45. Nc5 b6 46. Nd7 Rd8 47. Ne5 Rd2+ 48. Kg3 h6 49. Nc4 Rc2 50. b3 Rc3+ 51. Kg4 Rxb3 52. Nd6 Kg7 53. Nc8 a5 54. Nd6 a4 55. Ne8+ Kg6 56. Nc7 h5# 0-1

[Variant "Standard"]
[Site "Europe Echecs"]

[Event "Championnat du monde jeunes U12"]
[Date "2024.11.18"]
[White "Nguyen Le Nguyen"]
[Black "Saminskij, Jan"]
[WhiteElo "1782"]
[BlackElo "2202"]
[Round "4.35"]
[Result "1-0"]
[TimeControl "5400+30"]

1. e4 e6 2. d4 d5 3. e5 c5 4. c3 Nc6 5. Nf3 Bd7 6. Be2 f6 7. O-O fxe5 8. dxe5 Nh6 9. c4 d4 10. Bf4 Qc7 11. Nbd2 Nf7 12. Re1 Be7 13. h4 O-O-O 14. Bd3 Rdf8 15. g3 g6 16. Ne4 h6 17. Nd6+ Nxd6 18. exd6 Bxd6 19. Bxd6 Qxd6 20. Bxg6 e5 21. Be4 Bg4 22. Re3 Qe7 23. Ra3 Rf6 24. Qe1 Re8 25. Nd2 a6 26. Qf1 Ref8 27. f3 Bd7 28. Kh2 Rg8 29. Qf2 Qe6 30. Qg2 Ne7 31. Re1 Nf5 32. Bd5 Qe8 33. Bxg8 Qxg8 34. Rxe5 Rg6 35. Rxc5+ Kb8 36. Ne4 Ne3 37. Qf2 Qe6 38. Rxe3 dxe3 39. Qxe3 Bc6 40. Qf4+ Ka7 41. b3 Qg8 42. Re5 Qd8 43. Qe3+ Ka8 44. b4 Qd1 45. b5 Qc2+ 46. Nf2 axb5 47. cxb5 Bd7 48. b6 Qa4 49. Qe1 Kb8 50. Qe3 Rc6 51. a3 Qc2 52. Rd5 Re6 53. Qf4+ Kc8 54. Qf8+ 1-0

[Variant "Standard"]
[Site "Europe Echecs"]

[Event "Championnat du monde jeunes U12"]
[Date "2024.11.18"]
[White "Kuandykuly, Danis"]
[Black "Sun, Kevin"]
[WhiteElo "2199"]
[BlackElo "1966"]
[Round "4.36"]
[Result "1-0"]
[TimeControl "5400+30"]

1. e4 c5 2. Nf3 d6 3. d4 cxd4 4. Nxd4 Nf6 5. Nc3 a6 6. h3 e6 7. g4 d5 8. exd5 Nxd5 9. Nde2 Bb4 10. Bg2 O-O 11. O-O Nxc3 12. Nxc3 Qc7 13. Qf3 Nc6 14. Bf4 e5 15. Nd5 Qd6 16. Be3 Bc5 17. c3 Bxe3 18. Qxe3 Be6 19. Rad1 Bxd5 20. Rxd5 Qe6 21. Rfd1 Rfd8 22. Qb6 Qe7 23. b4 Rxd5 24. Rxd5 h6 25. a4 Rc8 26. Rc5 Rd8 27. Rd5 Rxd5 28. Bxd5 Qd6 29. Bg2 Qd1+ 30.
Kh2 Qd2 31. Qxb7 Qf4+ 32. Kg1 Qc1+ 33.
Bf1 Qxc3 34. Qc8+ Kh7 35. b5 axb5 36.
axb5 e4 37. Qxc6 Qe1 38. Qc5 1-0

[Variant "Standard"]
[Site "Europe Echecs"]

[Event "Championnat du monde jeunes U12"]
[Date "2024.11.18"]
[White "Ambartsumian, Tyhran"]
[Black "Konstantinides, Savvas"]
[WhiteElo "2123"]
[BlackElo "1839"]
[Round "4.37"]
[Result "1-0"]
[TimeControl "5400+30"]

1. e4 c5 2. Nf3 d6 3. Bb5+ Nd7 4. a4 Nf6 5. Nc3 a6 6. Be2 b6 7. d4 cxd4 8. Qxd4 Bb7 9. O-O g6 10. e5 Bxf3 11. Bxf3 dxe5 12. Qd3 Rc8 13. Qxa6 Bg7 14. Rd1 O-O 15. Be3 Qc7 16. Rd2 e4 17. Be2 Nc5 18. Qb5 e6 19. Rad1 Rfd8 20. Rxd8+ Rxd8 21. Rxd8+ Qxd8 22.
a5 Nd5 23. Nxd5 exd5 24. Qxb6 Qxb6 25.
axb6 d4 26. Bf4 g5 27. Bd6 Nb7 28. Bc7 f5 29. b4 Bf8 30. Ba6 d3 31. cxd3 Nd6 32. dxe4 fxe4 33. b5 Kf7 34. b7 Nxb7 35. Bxb7 e3 36. Bd5+ Kf6 37. fxe3 Bc5 38. Kf2 1-0

[Variant "Standard"]
[Site "Europe Echecs"]